 Dungeon Crawl Stone Soup version 0.14.1 (webtiles) character file.

6382 Leibowitz the Nimble (level 10, 0/83 HPs)
             Began as a Demigod Assassin on Apr 29, 2014.
             Impaled on a porcupine's spines (7 damage)
             ... on Level 1 of the Lair of Beasts.
             The game lasted 00:33:39 (10636 turns).

Leibowitz the Nimble (Demigod Assassin)            Turns: 10636, Time: 00:33:40

HP   0/83        AC  9     Str 15      XL: 10   Next: 29%
MP  18/18        EV 20     Int 17      God:
Gold 465         SH 12     Dex 21 (22) Spells:  0 memorised,  9 levels left

rFire  . . .     SeeInvis .     I - +0,+1 short sword (freeze)
rCold  + + .     Clarity  .     l - +3 leather armour
rNeg   . . .     Conserve .     H - +0 buckler
rPois  .         rCorr    .     p - +0 helmet (curse)
rElec  .         rRot     .     d - +0 cloak (curse)
SustAb . .       Spirit   .     (no gloves)
rMut   .         Warding  .     Q - +0 pair of boots
Saprov . . .     Stasis   .     (no amulet)
MR     +....                    N - ring of protection from cold
                                C - ring of protection from cold

@: somewhat resistant to hostile enchantments, very stealthy
A: no striking features
a: no special abilities


You were on level 1 of the Lair of Beasts.
You were not hungry.

You visited 3 branches of the dungeon, and saw 10 of its levels.

You collected 465 gold pieces.

Inventory:

Hand weapons
 a - a +2,+2 cutlass of speed
 b - a +0 blowgun
 s - a +2,+3 dagger
 z - a +1,+2 dagger of speed
 I - a +0,+1 short sword of freezing (weapon)
Missiles
 e - 16 poisoned needles
 f - 2 curare-tipped needles
 P - 2 needles of slowing
Armour
 d - a cursed +0 cloak (worn)
 l - a +3 leather armour (worn)
 p - a cursed +0 helmet (worn)
 H - a +0 buckler (worn)
 Q - a +0 pair of boots (worn)
Magical devices
 c - a wand of confusion (4)
 t - a wand of slowing (11)
 x - a wand of enslavement (11)
 A - a wand of digging (8)
 D - a wand of paralysis (13)
 E - a wand of flame (3)
 M - a wand of paralysis (7)
Comestibles
 g - a bread ration
 k - 4 rotting chunks of crocodile flesh
 F - 5 meat rations
 K - 2 chunks of sheep flesh
 L - 6 royal jellies
Scrolls
 o - 3 scrolls of teleportation
 q - 5 scrolls of identify
 r - a scroll of enchant weapon II
 u - 2 scrolls of fear
 B - 3 scrolls of remove curse
 G - 2 scrolls of magic mapping
 J - 2 scrolls of enchant weapon I
Jewellery
 y - an uncursed amulet of resist mutation
 C - a ring of protection from cold (left hand)
 N - a ring of protection from cold (right hand)
Potions
 h - a potion of porridge
 i - 6 potions of curing
 j - a potion of resistance
 m - 3 potions of brilliance
 n - a potion of haste
 v - a potion of restore abilities
 w - a potion of lignification
 O - a potion of confusion {unknown}


   Skills:
 * Level 5.9 Fighting
 + Level 5.4 Short Blades
 - Level 1.7 Throwing
 + Level 3.5 Armour
 * Level 9.4 Dodging
 * Level 7.3 Stealth
 * Level 3.9 Shields
 + Level 0.6 Evocations


You had 9 spell levels left.
You didn't know any spells.

Dungeon Overview and Level Annotations

Branches:
Dungeon (8/15)             Temple (1/1) D:6            Lair (1/8) D:8

Shops:
D:7 ?


Message History

* * * LOW HITPOINT WARNING * * *
You are struck by the porcupine's spines.
* * * LOW HITPOINT WARNING * * *
You hit the porcupine. You freeze the porcupine.
The porcupine is almost dead.
The porcupine completely misses you.
You are struck by the porcupine's spines.
* * * LOW HITPOINT WARNING * * *
You closely miss the porcupine.
The porcupine is almost dead.
You block the porcupine's attack.
Drink which item? (? for menu, Esc to quit)
You feel better. The porcupine closely misses you.
You are struck by the porcupine's spines.
* * * LOW HITPOINT WARNING * * *
You hit the porcupine. You freeze the porcupine.
The porcupine is almost dead.
The porcupine bites you but does no damage.
You are struck by the porcupine's spines.
You die...

#........##
#.........############
......................
.................r.....
.##.###................
#.. #................ .
#...%###..........
........#r.#..........
.......+.@#FY.....##.
....(..#..#......##
...+...##.#......# #
.... .....?...# .....
..........#
...............
........... ###f####
###


You could see a porcupine.

Vanquished Creatures
  An elephant (D:8)
  A spiny frog (Lair:1)
  2 komodo dragons (Lair:1)
  A two-headed ogre (D:8)
  A wyvern (D:7)
  An elephant slug (D:8)
  A hungry ghost (D:7)
  6 wolves
  Menkaure (D:6)
  2 black bears
  2 ogres (D:6)
  3 centaurs
  A water moccasin (Lair:1)
  An ice beast (D:8)
  2 sky beasts
  3 crocodiles
  Sigmund (D:4)
  Duvessa (D:4)
  4 giant frogs
  Blork the orc (D:7)
  A gnoll sergeant (D:8)
  2 scorpions
  3 crimson imps
  2 goliath beetles
  Dowan (D:4)
  4 hounds
  2 orc priests (D:6)
  A giant frog zombie (D:7)
  Crazy Yiuf (D:5)
  A centaur skeleton (D:6)
  4 jellies
  An iguana (Lair:1)
  An orc wizard (D:7)
  6 worker ants
  A killer bee zombie (D:7)
  Ijyb (D:7)
  6 sheep
  An ogre zombie (D:8)
  A mummy (D:7)
  8 gnolls
  13 adders
  2 shadow imps
  2 giant mites
  A goliath beetle zombie (D:8)
  6 worms
  An iguana zombie (D:8)
  A giant eyeball (D:6)
  5 giant geckos
  9 oozes
  8 orcs
  19 bats
  9 giant cockroaches
  6 hobgoblins
  15 jackals
  A quokka (D:8)
  4 giant newts
  A giant spore (D:8)
  13 goblins
  A goblin skeleton (D:5)
  A hobgoblin skeleton (D:5)
  A hobgoblin zombie (D:8)
  7 kobolds
  An orc skeleton (D:3)
  2 orc zombies (D:6)
  12 rats
  A rat zombie (D:8)
  6 ballistomycetes (D:8)
232 creatures vanquished.

Vanquished Creatures (others)
  An elephant slug (D:8)
  A fungus (D:8)
2 creatures vanquished.

Grand Total: 234 creatures vanquished

Notes
Turn   | Place    | Note
--------------------------------------------------------------
     0 | D:1      | Leibowitz, the Demigod Assassin, began the quest for the Orb.
     0 | D:1      | Reached XP level 1. HP: 17/17 MP: 2/2
   157 | D:1      | Reached skill level 1 in Dodging
   307 | D:1      | Reached XP level 2. HP: 22/24 MP: 3/3
   667 | D:1      | Reached skill level 4 in Stealth
  1324 | D:2      | Reached XP level 3. HP: 7/29 MP: 5/5
  2148 | D:2      | Reached XP level 4. HP: 24/36 MP: 7/7
  2526 | D:3      | Reached skill level 1 in Armour
  2770 | D:3      | Reached XP level 5. HP: 28/42 MP: 8/8
  3223 | D:4      | Noticed Dowan
  3225 | D:4      | Noticed Duvessa
  3231 | D:5      | Entered Level 5 of the Dungeon
  3294 | D:5      | Found an iron altar of Okawaru.
  3718 | D:5      | Reached XP level 6. HP: 45/50 MP: 10/10
  3969 | D:5      | Noticed Crazy Yiuf
  3980 | D:5      | Killed Crazy Yiuf
  4136 | D:4      | Noticed a sky beast
  4138 | D:4      | Killed a sky beast
  4245 | D:4      | Killed Dowan
  4245 | D:4      | Reached XP level 7. HP: 57/57 MP: 12/12
  4253 | D:4      | Killed Duvessa
  4253 | D:4      | Reached skill level 5 in Stealth
  4625 | D:4      | Noticed Sigmund
  4649 | D:4      | Killed Sigmund
  4649 | D:4      | Reached skill level 5 in Dodging
  4789 | D:6      | Reached skill level 1 in Shields
  5243 | D:6      | Found a blossoming altar of Fedhas.
  5264 | D:6      | Paralysed by an orc for 4 turns
  5336 | D:7      | Found Feqaodeuc's Magic Scroll Shoppe.
  5689 | D:6      | Reached XP level 8. HP: 56/63 MP: 13/13
  5710 | D:6      | Found a shimmering altar of Xom.
  5711 | D:6      | Found a burning altar of Makhleb.
  5804 | D:6      | Noticed Menkaure
  5819 | D:6      | Killed Menkaure
  5964 | D:6      | Reached skill level 6 in Dodging
  6316 | D:6      | Found a staircase to the Ecumenical Temple.
  6322 | Temple   | Entered the Ecumenical Temple
  6518 | D:7      | Found a shattered altar of Ashenzari.
  6520 | D:7      | Noticed a wyvern
  6521 | D:7      | Noticed Ijyb
  6552 | D:7      | Killed a wyvern
  6571 | D:7      | Killed Ijyb
  7053 | D:7      | Noticed Blork the orc
  7076 | D:7      | Killed Blork the orc
  7076 | D:7      | Reached skill level 7 in Dodging
  7204 | D:7      | Found an ancient bone altar of Kikubaaqudgha.
  7373 | D:8      | Reached XP level 9. HP: 61/71 MP: 15/15
  7623 | D:8      | Found a white marble altar of Elyvilon.
  7702 | D:8      | Found a staircase to the Lair.
  7702 | D:8      | Noticed an elephant
  7778 | D:8      | Killed an elephant
  8170 | D:8      | Reached skill level 5 in Short Blades
  8180 | D:8      | Reached skill level 8 in Dodging
  8269 | D:8      | Reached skill level 5 in Fighting
  8369 | D:8      | Noticed a two-headed ogre
  8391 | D:8      | Killed a two-headed ogre
  8755 | Lair:1   | Entered Level 1 of the Lair of Beasts
  9110 | Lair:1   | Reached XP level 10. HP: 15/82 MP: 18/18
  9531 | Lair:1   | Reached skill level 9 in Dodging
 10457 | Lair:1   | Noticed a spiny frog
 10503 | Lair:1   | Killed a spiny frog
 10633 | Lair:1   | HP: 4/83 [porcupine's spines (5)]
 10636 | Lair:1   | Impaled on a porcupine's spines

Action                   |  1- 3 |  4- 6 |  7- 9 | 10-12 || total
-------------------------+-------+-------+-------+-------++-------
Melee: Dagger            |   170 |    57 |       |       ||   227
       Cutlass           |       |   149 |   796 |    67 ||  1012
       Short sword       |       |       |       |   103 ||   103
 Fire: Blowgun           |       |     5 |    42 |     8 ||    55
Evoke: Wand              |       |     2 |     9 |       ||    11
  Use: Scroll            |     7 |     5 |     5 |       ||    17
       Potion            |       |     4 |     6 |     3 ||    13
 Stab: Sleeping          |     6 |     8 |    12 |     1 ||    27
       Distracted        |       |       |     4 |       ||     4
